 Dungeon Crawl Stone Soup version 0.15.0-14-g6bbbb5c (webtiles) character file.

262 Kex the Chopper (level 5, -4/48 HPs)
             Began as a Minotaur Berserker on Sept 5, 2014.
             Was a Priest of Trog.
             Slain by Pikel
             ... wielding a +2 whip of electrocution
              (17 damage)
             ... on Level 4 of the Dungeon.
             The game lasted 00:10:49 (2025 turns).

Kex the Chopper (Minotaur Berserker)                Turns: 2025, Time: 00:10:49

HP  -4/48        AC  8     Str 21      XL: 5   Next: 97%
MP   2/2         EV  6     Int  4      God: Trog [***...]
Gold 120         SH 10     Dex 11      Spells:  0 memorised,  4 levels left

rFire  . . .     SeeInvis .     a - +0 hand axe
rCold  . . .     Clarity  .     d - +0 scale mail
rNeg   . . .     rCorr    .     p - +2 shield
rPois  .         rRot     .     (helmet restricted)
rElec  .         Spirit   .     (no cloak)
SustAb .         Warding  .     w - +0 pair of gloves
rMut   .         Stasis   .     (no boots)
Gourm  .                        (no amulet)
MR     .....                    (no ring)
                                (no ring)

@: exhausted, slowed, very slow, not resistant to hostile enchantments,
extremely unstealthy
A: retaliatory headbutt, horns 2
a: Burn Spellbooks, Berserk, Trog's Hand, Renounce Religion


You were on level 4 of the Dungeon.
You worshipped Trog.
Trog was most pleased with you.
You were near starving.

You visited 1 branch of the dungeon, and saw 4 of its levels.

You collected 120 gold pieces.

Inventory:

Hand weapons
 a - a +0 hand axe (weapon)
Armour
 d - a +0 scale mail (worn)
 p - a +2 shield (worn)
 w - a +0 pair of gloves (worn)
Magical devices
 s - a wand of fireball (4)
Comestibles
 c - 4 bread rations
 l - a slice of pizza
 o - 3 meat rations
 u - a chunk of hobgoblin flesh
Scrolls
 e - 2 scrolls of teleportation {unknown}
 h - a scroll of identify
 i - a scroll of magic mapping {unknown}
 j - a scroll of blinking {unknown}
 n - a scroll of remove curse {unknown}
 r - a scroll of noise {unknown}
 t - a scroll of enchant weapon {unknown}
Potions
 b - a potion of haste {unknown}
 f - a potion of heal wounds {unknown}
 g - a potion of restore abilities {unknown}
 k - a potion of curing {unknown}
 m - a potion of degeneration {unknown}
 q - a potion of flight {unknown}
 v - a potion of mutation {unknown}


   Skills:
 + Level 5.1 Fighting
 + Level 5.2 Axes
 + Level 3.8 Armour
 + Level 3.8 Dodging
 + Level 0.1 Stealth
 + Level 0.8 Shields


You had 4 spell levels left.
You didn't know any spells.

Dungeon Overview and Level Annotations

Branches:
Dungeon (4/15)
 Temple: D:4-7

Altars:

Shops:
D:4 (

Annotations:
D:4 Pikel


Innate Abilities, Weirdness & Mutations

You reflexively headbutt those who attack you in melee.
You have a pair of horns on your head.


Message History

Pikel is heavily wounded.
You are no longer berserk.
You pass out from exhaustion.
You feel as though you will be slow longer.
You are near starving!
Pikel zaps a wand.
You easily resist.
You can move again.
Your scale mail prevents you from hitting Pikel.
Pikel is heavily wounded.
Pikel hits you with a whip of electrocution.
Pikel zaps a wand.
You easily resist.
Your shield prevents you from hitting Pikel.
Pikel is heavily wounded.
You block Pikel's attack. Pikel hits you but does no damage.
You hit Pikel.
Pikel is severely wounded.
Pikel hits you with a whip of electrocution!
* * * LOW HITPOINT WARNING * * *
You are electrocuted!
You die...

'...... ###.....
....#.....### .
.....#.....'. ...
..?...#...∩.#####...
.......#............
........(.p........ ######
#.....###K#..###.####.....
+.......[@[..###....#.....
#......[............#.....
##..........#.......#.....
.........###.#.......#.....
......######+###...........
...... ..... .........#####
.....................#####
... .............#.......
........#.##....#[......


You could see Pikel and a slave.

Vanquished Creatures
  The ghost of Kex the Chopper, an average MiBe of Trog (D:3)
  3 slaves (D:4)
  A giant frog skeleton (D:4)
  An iguana (D:4)
  A gnoll (D:1)
  3 adders (D:2)
  2 worms (D:2)
  2 giant geckos
  2 oozes
  4 giant cockroaches
  8 goblins
  10 hobgoblins
  7 kobolds
  A quokka (D:2)
  15 bats
  A giant gecko skeleton (D:4)
  4 giant newts (D:1)
  8 rats
74 creatures vanquished.

Notes
Turn   | Place    | Note
--------------------------------------------------------------
     0 | D:1      | Kex, the Minotaur Berserker, began the quest for the Orb.
     0 | D:1      | Reached XP level 1. HP: 19/19 MP: 1/1
   138 | D:1      | Reached XP level 2. HP: 25/27 MP: 1/1
   155 | D:1      | Reached skill level 4 in Axes
   275 | D:1      | Reached XP level 3. HP: 31/33 MP: 2/2
   276 | D:1      | Acquired Trog's second power
   855 | D:2      | Reached XP level 4. HP: 37/41 MP: 2/2
  1518 | D:3      | Noticed Kex's ghost (average MiBe)
  1528 | D:3      | Killed Kex's ghost
  1528 | D:3      | Reached skill level 5 in Fighting
  1528 | D:3      | Reached skill level 5 in Axes
  1528 | D:3      | Reached XP level 5. HP: 48/48 MP: 2/2
  1972 | D:4      | Found Fied's Weapon Emporium.
  1984 | D:4      | Noticed a slave
  1999 | D:4      | Killed a slave
  2002 | D:4      | Noticed a slave
  2002 | D:4      | Noticed a slave
  2003 | D:4      | Noticed a slave
  2004 | D:4      | Noticed Pikel
  2014 | D:4      | Killed a slave
  2016 | D:4      | Killed a slave
  2025 | D:4      | Slain by Pikel

Action                   |  1- 3 |  4- 6 || total
-------------------------+-------+-------++-------
Melee: Hand axe          |    91 |   113 ||   204
Invok: Berserk           |       |     2 ||     2
  Use: Scroll            |       |     4 ||     4
  Eat: Chunk             |       |     4 ||     4
